 Dungeon Crawl Stone Soup version 0.17-a0-1882-g750edc8 (webtiles) character file.

6078 mcbry74 the Fighter (level 10, 94/94 HPs)
             Began as a Minotaur Chaos Knight on Sept 22, 2015.
             Starved to death
             ... while paralysed
             ... on level 10 of the Dungeon.
             The game lasted 01:04:14 (10664 turns).

mcbry74 the Fighter (Minotaur Chaos Knight)        Turns: 10664, Time: 01:04:14

Health: 94/94      AC: 20    Str: 20    XL:     10   Next: 57%
Magic:  9/9        EV:  2    Int:  9    God:    Xom [*.....]
Gold:   540        SH:  0    Dex: 10    Spells: 0 memorised, 9 levels left

rFire  + . .     SeeInvis .     a - +5 hand axe (chaos)
rCold  . . .     Clarity  .     e - +0 plate armour
rNeg   . . .     SustAt   .     (no shield)
rPois  .         Gourm    .     (helmet restricted)
rElec  .         Spirit   .     s - +2 cloak
rCorr  .         Warding  .     (no gloves)
rMut   .         Stasis   .     (no boots)
MR     .....                    (no amulet)
Stlth  ..........               (no ring)
                                d - ring of protection from fire

@: paralysed, fainting, not resistant to hostile enchantments, extremely
unstealthy
A: retaliatory headbutt, horns 2, iridescent scales 1
a: Renounce Religion


You were on level 10 of the Dungeon.
You worshipped Xom.
You were a special plaything of Xom.
You were fainting.

You visited 2 branches of the dungeon, and saw 11 of its levels.

You collected 540 gold pieces.

Inventory:

Hand weapons
 a - a +5 hand axe of chaos (weapon)
 A - a +1 flail of protection
 D - a +0 halberd
Missiles
 i - 216 stones
 q - 41 sling bullets
 N - 2 tomahawks (quivered)
Armour
 b - a +3 leather armour
 e - a +0 plate armour (worn)
 m - a +0 robe
 s - a +2 cloak (worn)
 y - a +0 leather armour
Jewellery
 d - a ring of protection from fire (left hand)
 L - an uncursed ring of protection from fire
 O - an uncursed amulet of resist mutation {unknown}
 R - an uncursed ring of positive energy {unknown}
Magical devices
 p - a wand of teleportation (3)
 E - a wand of confusion (30)
 K - a wand of flame (26)
 M - a wand of magic darts (8)
Scrolls
 f - 6 scrolls of recharging
 h - 7 scrolls of identify
 l - 5 scrolls of fear
 o - 2 scrolls of immolation
 r - a scroll of teleportation
 x - 3 scrolls of remove curse
 G - a scroll of amnesia
 H - a scroll of magic mapping
Potions
 g - a potion of heal wounds
 j - 9 potions of curing
 k - 5 potions of degeneration {unknown}
 n - 2 potions of agility
 w - 2 potions of flight
 z - a potion of berserk rage {unknown}
 C - a potion of poison {unknown}
 J - a potion of magic {unknown}
 P - 3 potions of ambrosia {unknown}
Books
 u - a book of the Sky

   Spells                             Type                      Level
   a - Summon Lightning Spire         Summoning/Air                4
   b - Airstrike                      Air                          4
   c - Silence                        Hexes/Air                    5
   d - Deflect Missiles               Charms/Air                   6
   e - Conjure Ball Lightning         Conjuration/Air              6
   f - Tornado                        Air                          9
Comestibles
 c - 3 bread rations
 t - 22 fruits
 v - 3 beef jerkies
 B - a slice of pizza
 F - 3 meat rations


   Skills:
 * Level 10.4 Fighting
 * Level 10.3 Axes
 + Level 7.4 Throwing
 + Level 7.9 Armour
 + Level 5.7 Dodging
 - Level 0.8 Stealth
 + Level 0.6 Evocations


You had 9 spell levels left.
You didn't know any spells.

Dungeon Overview and Level Annotations

Branches:
Dungeon (10/15)            Temple (1/1) D:7
   Lair: D:8-11         Orc: D:9-12

Altars:
Ashenzari
Cheibriados
Dithmenos
Elyvilon
Fedhas
Gozag
Kikubaaqudgha
Makhleb
Nemelex Xobeh
Okawaru
Qazlal
Ru
Sif Muna
Trog
Vehumet
Xom
Yredelemnul
Zin
The Shining One

Shops:
D:5 :   D:6 }   D:7 (!*   D:10 *


Innate Abilities, Weirdness & Mutations

You reflexively headbutt those who attack you in melee.
You have a pair of horns on your head.
You are partially covered in iridescent scales (AC +4).


Message History

The hungry ghost barely misses you.
You slash the hungry ghost! You freeze the hungry ghost.
Your headbutt misses the hungry ghost.
The hungry ghost is severely damaged.
The hungry ghost hits you.
You feel slightly more hungry.
You closely miss the hungry ghost.
The hungry ghost is severely damaged.
You lose consciousness!
The hungry ghost hits you.
You feel slightly more hungry. The hungry ghost hits you.
You feel slightly more hungry. The hungry ghost hits you.
You feel slightly more hungry. The hungry ghost hits you.
You feel slightly more hungry. The hungry ghost completely misses you.
The hungry ghost hits you.
You feel slightly more hungry. The hungry ghost hits you.
You feel slightly more hungry. The hungry ghost hits you.
You feel slightly more hungry. The hungry ghost hits you. x2
You have starved to death.
You die...
Xom titters!

#### ..# #.## #.#
.....##.####
#.......# #
####.##.####
#.#####.##....# ∆
#sFW@...##....#
###########...##
#.<.....# #######
#.###.#.# #.....#
#.###.#.# #.....#
#.##..#.# #.....#
#.##.##.#
#.....####.##.##.#
#....(.#.........#


You could see a hungry ghost, a giant frog and a scorpion.

Vanquished Creatures
  Erolcha (D:8)
  The ghost of trelanon the Ruffian, an experienced VSWr (D:6)
  The ghost of matakusis the Ducker, an experienced DsGl of Ru (D:5)
  A troll (D:9)
  The ghost of Anothat the Insei, an average DsMo of Cheibriados (D:4)
  2 yaks (D:10)
  2 hungry ghosts
  Edmund (D:6)
  A water moccasin (D:5)
  A soldier ant (shapeshifter) (D:10)
  An orc warrior (D:9)
  A black bear (D:7)
  An eye of draining (D:9)
  An ice beast (D:9)
  5 ogres
  6 centaurs
  5 big kobolds
  A giant frog (D:8)
  A killer bee (D:7)
  4 crimson imps
  2 giant frog zombies
  4 orc priests
  A centaur skeleton (D:5)
  4 hounds
  Jessica (D:3)
  Natasha (thrice) (D:4)
  5 worker ants
  9 orc wizards
  2 hound zombies
  A gnoll (shapeshifter) (D:3)
  2 worker ant zombies
  19 adders
  10 gnolls
  A shadow imp (D:5)
  7 oozes
  An adder skeleton (D:5)
  2 worms
  8 giant geckos
  28 orcs
  8 giant cockroaches
  7 goblins
  11 hobgoblins
  5 jackals
  3 quokkas
  3 ball pythons
  6 bats
  4 giant newts
  37 kobolds
  A quokka skeleton (D:5)
  13 rats
  A plant (D:8)
247 creatures vanquished.

Vanquished Creatures (collateral kills)
  A deep elf mage (D:9)
  A big kobold (D:8)
  A scorpion (D:8)
  An orc wizard (D:8)
  An adder skeleton (D:9)
5 creatures vanquished.

Vanquished Creatures (others)
  An orc priest (D:8)
1 creature vanquished.

Grand Total: 253 creatures vanquished

Notes
Turn   | Place    | Note
--------------------------------------------------------------
     0 | D:1      | mcbry74 the Minotaur Chaos Knight began the quest for the Orb.
     0 | D:1      | Reached XP level 1. HP: 19/19 MP: 0/0
     1 | D:1      | Found a runed door.
    44 | D:1      | XOM: harmless Necr miscast
   110 | D:1      | XOM: harmless Chrm miscast
   129 | D:1      | Reached XP level 2. HP: 24/27 MP: 1/1
   169 | D:1      | Reached skill level 4 in Axes
   249 | D:1      | XOM: divination: detect creatures
   537 | D:1      | XOM: harmless Conj miscast
   901 | D:1      | XOM: silly message
   910 | D:1      | Reached XP level 3. HP: 33/33 MP: 2/2
  1042 | D:2      | Reached XP level 4. HP: 31/41 MP: 3/3
  1279 | D:2      | Found a bloodstained altar of Trog.
  1475 | D:2      | XOM: mild Ice miscast
  1551 | D:1      | XOM: god gift: shiny brass wand {god gift}
  1647 | D:2      | Reached XP level 5. HP: 47/47 MP: 4/4
  1651 | D:2      | XOM: vitrification
  1659 | D:2      | XOM: polymorph kobold -> orc
  1696 | D:2      | Reached skill level 5 in Axes
  1839 | D:2      | XOM is BORED!
  1839 | D:2      | XOM: mild Pois miscast
  1867 | D:2      | Reached skill level 5 in Fighting
  2095 | D:2      | XOM: god gift: robe {god gift}
  2158 | D:3      | Noticed Jessica
  2162 | D:3      | Killed Jessica
  2348 | D:3      | XOM: butterfly on damage
  2351 | D:3      | Reached skill level 1 in Throwing
  2356 | D:3      | Reached XP level 6. HP: 17/56 MP: 5/5
  2431 | D:3      | XOM: medium Divn miscast
  2432 | D:3      | XOM: colour smoke trail
  2799 | D:3      | Noticed an ogre
  2811 | D:3      | Killed an ogre
  2811 | D:3      | Reached skill level 6 in Axes
  2959 | D:4      | Noticed Natasha
  2964 | D:4      | XOM: potion effect (might)
  2972 | D:4      | Killed Natasha
  2988 | D:4      | Noticed Natasha
  3015 | D:3      | XOM: god gift: leather armour {god gift}
  3169 | D:3      | XOM: silly message
  3231 | D:4      | Reached XP level 7. HP: 45/63 MP: 6/6
  3433 | D:4      | XOM: confuse monster(s)
  3447 | D:4      | Killed Natasha
  3479 | D:4      | Noticed Natasha
  3491 | D:4      | Killed Natasha
  3661 | D:4      | Noticed Anothat's ghost (average DsMo)
  3675 | D:4      | Killed Anothat's ghost
  3675 | D:4      | Reached skill level 7 in Fighting
  3917 | D:4      | XOM: give mutations
  3917 | D:4      | Gained mutation: You are robust (+10% HP). [Xom's grace]
  3917 | D:4      | Gained mutation: You are partially covered in iridescent scales (AC +4). [Xom's grace]
  3917 | D:4      | Gained mutation: You possess an exceptional clarity of mind. [Xom's grace]
  3954 | D:4      | XOM: 10-stop teleportation journey
  3956 | D:4      | Reached XP level 8. HP: 67/80 MP: 7/7
  3977 | D:4      | XOM: summons 3 hostile demons
  4026 | D:4      | XOM: vitrification
  4120 | D:4      | XOM: vitrification
  4177 | D:5      | Entered Level 5 of the Dungeon
  4177 | D:5      | Found Caprogavouw's Book Boutique.
  4190 | D:5      | Noticed matakusis's ghost (experienced DsGl)
  4198 | D:5      | XOM: polymorph quokka -> jackal
  4529 | D:4      | Gained mutation: Your muscles are strong. (Str +2) [potion of beneficial mutation]
  4668 | D:4      | Lost mutation: Your muscles are strong. (Str +2) [potion of cure mutation]
  4668 | D:4      | Lost mutation: You are robust (+10% HP). [potion of cure mutation]
  4668 | D:4      | Lost mutation: You possess an exceptional clarity of mind. [potion of cure mutation]
  4783 | D:5      | Found a sacrificial altar of Ru.
  4946 | D:5      | XOM: medium Erth miscast
  4948 | D:5      | Killed matakusis's ghost
  4948 | D:5      | Reached skill level 8 in Fighting
  4948 | D:5      | Reached skill level 5 in Dodging
  5237 | D:6      | Noticed trelanon's ghost (experienced VSWr)
  5258 | D:6      | Found a sparkling altar of Nemelex Xobeh.
  5258 | D:6      | XOM: 5-stop teleportation journey
  5282 | D:6      | Reached skill level 5 in Armour
  5309 | D:6      | XOM: medium Fire miscast
  5686 | D:6      | Noticed Edmund
  5693 | D:6      | XOM: blink monster(s)
  5694 | D:6      | XOM: confusion
  5697 | D:6      | XOM: harmless Summ miscast
  5830 | D:6      | Killed Edmund
  5830 | D:6      | Reached XP level 9. HP: 78/82 MP: 8/8
  5852 | D:6      | XOM: blink monster(s)
  5854 | D:6      | XOM: divination: detect creatures
  5906 | D:6      | XOM: cast spell 'Blink'
  6050 | D:6      | XOM: potion effect (might)
  6055 | D:6      | XOM: enchant monster (bad)
  6061 | D:6      | Killed trelanon's ghost
  6245 | D:6      | XOM: colour smoke trail
  6731 | D:6      | Found Ussod's Gadget Shop.
  6756 | D:6      | XOM: noise
  6801 | D:7      | Found a staircase to the Ecumenical Temple.
  6813 | Temple   | Entered the Ecumenical Temple
  7037 | D:7      | Reached skill level 9 in Fighting
  7180 | D:7      | Found a glowing golden altar of the Shining One.
  7182 | D:7      | Found Jowit's Distillery.
  7255 | D:7      | XOM: medium Chrm miscast
  7340 | D:7      | Found a snail-covered altar of Cheibriados.
  7548 | D:7      | Reached skill level 5 in Throwing
  7584 | D:7      | Found Esotroaj's Assorted Antiques.
  7750 | D:7      | Found Ihiepusm's Antique Weapon Emporium.
  8193 | D:8      | XOM: blink monster(s)
  8200 | D:8      | XOM: noise
  8222 | D:8      | Noticed Erolcha
  8245 | D:8      | Killed Erolcha
  8245 | D:8      | Reached XP level 10. HP: 56/93 MP: 9/9
  8607 | D:8      | XOM: silly message
  8620 | D:8      | XOM: summons 8 friendly demons
  8750 | D:8      | XOM: divination: detect creatures
  8995 | D:8      | Found an opulent altar of Gozag.
  9027 | D:8      | XOM: enchant monster (good)
  9339 | D:8      | Reached skill level 10 in Fighting
  9826 | D:9      | XOM: confuse monster(s)
  9836 | D:9      | XOM: summons 10 friendly demons
  9998 | D:9      | XOM: 5-stop teleportation journey
 10050 | D:9      | XOM: 4-stop teleportation journey
 10076 | D:9      | Reached skill level 10 in Axes
 10108 | D:9      | Found a glowing golden altar of the Shining One.
 10118 | D:9      | Found a shattered altar of Ashenzari.
 10456 | D:10     | XOM: noise
 10456 | D:10     | Entered Level 10 of the Dungeon
 10460 | D:10     | Found Qesomn's General Store.
 10469 | D:10     | XOM: divination: detect items
 10471 | D:10     | Noticed a harpy
 10471 | D:10     | a troll changed into a harpy
 10474 | D:10     | a harpy changed into a soldier ant
 10476 | D:10     | XOM: mild Hex miscast
 10632 | D:10     | XOM: summons 4 hostile shadow creatures
 10664 | D:10     | Starved to death

Vault maps used:
D:1:      dpeg_arrival_caged_fury, eino_curves_01
D:2:      nicolae_overflow_crystal_walls, first_bread
D:3:      uniq_jessica
D:4:      uniq_natasha
D:5:      serial_shops, shop, nicolae_ru_sacrificial_ziggurat
D:6:      nicolae_whirlpool, serial_shops, shop_fountains, minmay_bad_closet,
          hangedman_decor_growths, nemelex_xobeh_ov_fountains_minmay,
          uniq_edmund
D:7:      cheibriados_altar_1, lemuel_doored_altar,
          minmay_temple_entry_poolview, serial_shops, kennysheep_mini,
          nicolae_shop_overgrown_old_shop, shop
D:8:      kennysheep_kobold_camp, kennysheep_mini_moat, blue_anna_alchemist,
          kennysheep_generic_room_7, uniq_erolcha
D:9:      ashenzari_conservatory_becter, tso_metal_star
D:10:     serial_shops, nicolae_shop_stone, shop, nicolae_shop_behind_doors,
          shop, shop, minmay_misc_feat_diagonals, minmay_misc_feat_ornament
Temple:   water_room_temple_a_12

Action                   |  1- 3 |  4- 6 |  7- 9 | 10-12 || total
-------------------------+-------+-------+-------+-------++-------
Melee: Hand axe          |    62 |   144 |   339 |   147 ||   692
Throw: Stone             |     4 |    22 |   108 |    27 ||   161
       Tomahawk          |       |       |    73 |    10 ||    83
Evoke: Wand              |       |     1 |     3 |       ||     4
  Use: Scroll            |       |       |    12 |     6 ||    18
       Potion            |       |       |    10 |     1 ||    11
 Stab: Paralysed         |       |     2 |     4 |       ||     6
       Sleeping          |       |       |     1 |       ||     1
       Petrifying        |       |       |       |     1 ||     1
  Eat: Chunk             |       |     7 |     8 |     5 ||    20
       Bread ration      |       |       |     1 |     1 ||     2
       Pizza             |       |       |     2 |       ||     2
       Beef jerky        |       |       |     1 |     1 ||     2
       Fruit             |       |       |       |     2 ||     2
       Royal jelly       |       |       |       |     1 ||     1
